 Dungeon Crawl Stone Soup version 0.25-a0-842-g81a31cfd23 (webtiles) character file.

Game seed: 7364707113610698188, levelgen mode: deterministic

1135 DerDa the Chiller (level 8, -6/52 HPs)
             Began as a Demonspawn Ice Elementalist on Apr 25, 2020.
             Mangled by an ice beast (10 damage)
             ... on level 5 of the Dungeon.
             The game lasted 00:16:18 (4722 turns).

DerDa the Chiller (Demonspawn Ice Elementalist)     Turns: 4722, Time: 00:16:19

Health: -6/52      AC: 14    Str:  8    XL:     8   Next: 14%
Magic:  16/16      EV: 14    Int: 19    God:
Gold:   175        SH:  0    Dex: 14    Spells: 7/18 levels left

rFire    + . .     SeeInvis .   u - +0 whip (flame)
rCold    . . .     Gourm    .   (no shield)
rNeg     . . .     Faith    .   m - +2 robe {rF+}
rPois    .         Spirit   .   e - +0 helmet
rElec    .         Reflect  .   (no cloak)
rCorr    .         Harm     .   (no gloves)
MR       .....                  (no boots)
Stlth    ++........             y - amulet of inaccuracy (curse)
HPRegen  0.17/turn              (no ring)
MPRegen  0.15/turn              (no ring)

@: icy armour
A: slimy green scales 2, foul stench 1, rot immunity
a: no special abilities


You were on level 5 of the Dungeon.
You were hungry.

You visited 1 branch of the dungeon, and saw 5 of its levels.

You collected 175 gold pieces.

Inventory:

Hand Weapons
 t - a +0 hunting sling
 u - a +0 whip of flaming (weapon)
Missiles
 b - 7 curare-tipped darts
 d - 145 stones
 s - 15 poisoned darts (quivered)
Armour
 e - a +0 helmet (worn)
 m - a +2 robe of fire resistance (worn)
 A - a +1 leather armour of poison resistance
Jewellery
 y - a cursed amulet of inaccuracy (around neck)
Wands
 a - a wand of enslavement (5)
 l - a wand of flame (11)
Scrolls
 g - a scroll of enchant armour
 h - a scroll of fog
 o - a scroll of fear
 v - a scroll of remove curse {unknown}
 w - 2 scrolls of teleportation
 x - 2 scrolls of immolation
Potions
 f - a potion of resistance
 i - 2 potions of haste
 j - 2 potions of magic {unknown}
 k - 2 potions of lignification {unknown}
 n - a potion of cancellation {unknown}
 p - a potion of flight {unknown}
 r - 2 potions of curing {unknown}
Comestibles
 c - 8 rations


   Skills:
 + Level 4.0 Dodging
 - Level 1.7 Stealth
 * Level 5.6 Spellcasting
 + Level 3.0 Conjurations
 * Level 6.3 Ice Magic


You had 7 spell levels left.
You knew the following spells:

 Your Spells              Type           Power        Failure   Level  Hunger
a - Freeze                Ice            ####         1%          1    None
b - Frozen Ramparts       Ice            ####..       2%          3    ##.....
c - Ozocubu's Armour      Chrm/Ice       ###.....     10%         3    ##.....
d - Hailstorm             Conj/Ice       ###.....     17%         4    ####...

Your spell library contained the following spells:

 Spells                   Type           Power        Failure   Level  Hunger
 Summon Ice Beast         Ice/Summ       ###.....     32%         4    ####...


Dungeon Overview and Level Annotations

Branches:
Dungeon (5/15)
 Temple: D:4-7

Altars:
Ru
Vehumet
Wu Jian
Xom

Shops:
D:5 %


Innate Abilities, Weirdness & Mutations

You are mostly covered in slimy green scales. (AC +3)
You may emit foul miasma when damaged in melee.
You are immune to rotting.


Message History

The ice beast is moderately wounded.
The ice beast hits you but does no damage.
You closely miss the ice beast.
The ice beast is moderately wounded.
The ice beast hits you but does no damage.
You hit the ice beast.
You melt the ice beast.
The ice beast is severely wounded.
The ice beast completely misses you.
You barely miss the ice beast.
The ice beast is severely wounded.
The ice beast hits you.
* * * LOW HITPOINT WARNING * * *
The ice beast freezes you.
* * * LOW HITPOINT WARNING * * *
You closely miss the ice beast.
The ice beast is severely wounded.
The ice beast hits you.
* * * LOW HITPOINT WARNING * * *
The ice beast freezes you!
You die...

*≈**≈≈≈≈*≈*
*,*≈***≈*≈*
*,**≈∩*≈*≈*
####*****≈*****≈*≈*
*...,,,,**≈≈≈,≈**,*
*,..##*,,********≈*
***..#***,,≈≈≈≈≈≈**
* *#Y# ********** *
#@### *****,* *
#...# *,,,*,* *
###.# *,,,*,* * #.#
*,,,*,* * #.#
**,,,.##** #.###
*,,,*,..## #...#
*..,,,.... ###.#
#...#.#...
#.###...#.#...


You could see an ice beast.

Vanquished Creatures
  Pikel (D:4)
  A sky beast (D:5)
  2 slaves (D:4)
  2 ogres (D:4)
  A hound (D:5)
  An orc priest (D:3)
  A bullfrog skeleton (D:4)
  Jessica (D:2)
  An iguana (D:4)
  4 worker ants (D:4)
  Robin (D:4)
  4 adders
  2 oozes
  3 worms
  5 dart slugs
  A leopard gecko (D:4)
  10 orcs
  5 giant cockroaches
  15 goblins
  11 hobgoblins
  13 jackals
  4 quokkas
  2 ball pythons
  5 bats
  4 frilled lizards
  A giant cockroach zombie (D:5)
  A jackal skeleton (D:4)
  6 kobolds
  11 rats
119 creatures vanquished.

Notes
Turn   | Place    | Note
-------+----------+-------------------------------------------
     0 | D:1      | DerDa the Demonspawn Ice Elementalist began the quest for
                  | the Orb.
     0 | D:1      | Reached XP level 1. HP: 13/13 MP: 3/3
   344 | D:1      | Gained mutation: You are immune to rotting. [demonic
                  | ancestry]
   344 | D:1      | Reached XP level 2. HP: 19/19 MP: 1/5
  1094 | D:2      | Reached skill level 4 in Ice Magic
  1223 | D:2      | Reached XP level 3. HP: 24/24 MP: 3/6
  1258 | D:2      | Noticed Jessica
  1284 | D:2      | Killed Jessica
  1425 | D:2      | Gained mutation: You may emit foul miasma when damaged in
                  | melee. [demonic ancestry]
  1425 | D:2      | Reached XP level 4. HP: 26/30 MP: 4/8
  1608 | D:2      | Learned a level 3 spell: Frozen Ramparts
  1612 | D:2      | Learned a level 3 spell: Ozocubu's Armour
  2241 | D:2      | Found a radiant altar of Vehumet.
  2241 | D:2      | Found a sacrificial altar of Ru.
  2241 | D:2      | Found a shimmering altar of Xom.
  3128 | D:3      | Reached XP level 5. HP: 24/35 MP: 6/10
  3337 | D:3      | Learned a level 4 spell: Hailstorm
  3479 | D:4      | Noticed an ogre
  3503 | D:4      | Killed an ogre
  3503 | D:4      | Reached skill level 1 in Conjurations
  3503 | D:4      | Reached skill level 5 in Ice Magic
  3503 | D:4      | Gained mutation: You are partially covered in slimy green
                  | scales. (AC +2) [demonic ancestry]
  3503 | D:4      | Reached XP level 6. HP: 9/41 MP: 3/12
  3755 | D:4      | Noticed a slave
  3755 | D:4      | Noticed a slave
  3756 | D:4      | Noticed Pikel
  3756 | D:4      | Noticed a slave
  3757 | D:4      | Noticed a slave
  3764 | D:4      | Killed a slave
  3767 | D:4      | Killed a slave
  3779 | D:4      | Killed Pikel
  3779 | D:4      | Reached skill level 5 in Spellcasting
  3779 | D:4      | Gained mutation: You are mostly covered in slimy green
                  | scales. (AC +3) [demonic ancestry]
  3779 | D:4      | Reached XP level 7. HP: 33/46 MP: 3/14
  4065 | D:4      | Found an ornate altar of the Wu Jian Council.
  4071 | D:4      | Noticed Robin
  4097 | D:4      | Reached skill level 6 in Ice Magic
  4105 | D:4      | Killed Robin
  4271 | D:4      | Reached XP level 8. HP: 48/52 MP: 10/16
  4548 | D:5      | Entered Level 5 of the Dungeon
  4548 | D:5      | Found Xullagain's Food Shop.
  4722 | D:5      | Mangled by an ice beast

Levels and vault maps discovered:
D:1:      ncdulo_wetmaze, layout_basic, chequers_serial_rivers_small_3,
          minmay_pentomino_z2
D:2:      cheibrodos_helix_gallery, layout_basic,
          gammafunk_temple_overflow_forgotten, minmay_close_crescents,
          uniq_jessica
D:3:      layout_loops_ring, kennysheep_generic_room_12
D:4:      layout_loops_ring, lemuel_round_altar, first_ration, uniq_pikel,
          uniq_robin
D:5:      layout_rooms, led_sif_pool, serial_shops, shop, gup_sewer_entry_spiral

Skill      XL: |  1  2  3  4  5  6  7  8 |
---------------+-------------------------+-----
Dodging        | 2 3 4 |  4.0
Ice Magic      | 4 5 6 |  6.3
Spellcasting   | 3 4 5 |  5.6
Conjurations   | 1 2 3 |  3.0
Stealth        | |  1.7

Action                   |  1- 3 |  4- 6 |  7- 9 || total
-------------------------+-------+-------+-------++-------
Melee: Mace              |    17 |    22 |       ||    39
       Whip              |       |       |    42 ||    42
Throw: Stone             |     1 |       |       ||     1
 Cast: Freeze            |    45 |    67 |    39 ||   151
       Frozen Ramparts   |       |     9 |     8 ||    17
       Ozocubu's Armour  |       |     1 |     2 ||     3
  Use: Scroll            |       |       |     8 ||     8
 Stab: Sleeping          |     1 |       |       ||     1
  Eat: Chunk             |     2 |     7 |     4 ||    13
Armor: Robe              |     6 |    16 |    30 ||    52
Dodge: Dodged            |    35 |    55 |    45 ||   135

Table legend:
 A = Non-vault XP
 B = Vault XP
 C = Vault XP percentage of total XP
 D = Non-vault monster count
 E = Vault monster count
 F = Vault count percentage of total count
                 A         B        C        D         E       F
            +---------+---------+-------+---------+---------+-------
      Total |     896 |     726 |  44.8 |      97 |      20 |  17.1
            +---------+---------+-------+---------+---------+-------
        D:1 |      30 |       3 |   9.1 |      17 |       2 |  10.5
        D:2 |      57 |      52 |  47.7 |      22 |       8 |  26.7
        D:3 |     109 |       0 |   0.0 |      26 |       0 |   0.0
        D:4 |     505 |     671 |  57.1 |      26 |      10 |  27.8
        D:5 |     195 |       0 |   0.0 |       6 |       0 |   0.0
            +---------+---------+-------+---------+---------+-------
